 Dungeon Crawl Stone Soup version 0.27-b1-23-g44b8eac545 (webtiles) character file.

Game seed: 11875142180266516714

4190 ZARRMARR the Spear-Bearer (level 10, -1/79 HPs)
             Began as a Merfolk Berserker on July 28, 2021.
             Was an Elder of Trog.
             Slain by a gnoll sergeant (13 damage)
             ... in a bailey.
             The game lasted 01:08:09 (11353 turns).

ZARRMARR the Spear-Bearer (Merfolk Berserker)      Turns: 11353, Time: 01:08:09

Health: -1/79      AC: 11    Str: 18    XL:     10   Next: 29%
Magic:  10/10      EV: 14    Int:  7    God:    Trog [****..]
Gold:   481        SH:  0    Dex: 16    Spells: 9/9 levels left

rFire    . . .     SeeInvis .   s - +2 whip (elec)
rCold    . . .     Faith    .   (no shield)
rNeg     + . .     Spirit   .   L - +0 swamp dragon scales
rPois    +         Reflect  .   (no helmet)
rElec    .         Harm     .   p - +2 cloak
rCorr    .         Rampage  .   (no gloves)
Will     .....                  (no boots)
Stlth    +++.......             (no amulet)
HPRegen  0.23/turn              j - ring of positive energy
MPRegen  0.12/turn              g - ring of poison resistance

@: about to teleport, on berserk cooldown
A: (nimble swimmer 2), mertail
a: Renounce Religion, Berserk, Trog's Hand, Brothers in Arms


You were in a bailey.
You worshipped Trog.
Trog was greatly pleased with you.
You visited 1 branch of the dungeon, and saw 7 of its levels.
You also visited: Bailey.

You collected 613 gold pieces.
You spent 132 gold pieces at shops.

Inventory:

Hand Weapons
 a - a +2 flail of holy wrath
 i - a +0 spear of freezing
 o - a +1 dagger of speed
 s - a +2 whip of electrocution (weapon)
 x - a +1 flail of protection
 y - a +2 quarterstaff of chaos
 D - a +0 dagger of draining
 E - a +1 vorpal spear
 F - a +3 flail
 N - a +2 rapier of speed
Missiles
 l - 7 poisoned darts (quivered)
 C - a throwing net
 M - 2 javelins
Armour
 p - a +2 cloak (worn)
 I - a +0 tower shield
 K - a +0 leather armour of fire resistance
 L - +0 swamp dragon scales (worn)
 O - a +0 scale mail of willpower
Jewellery
 f - a +6 ring of intelligence
 g - a ring of poison resistance (right hand)
 j - a ring of positive energy (left hand)
Wands
 b - a wand of digging (4)
 k - a wand of charming (11)
 m - a wand of polymorph (6)
 n - a wand of flame (39)
 B - a wand of iceblast (4)
Scrolls
 q - a scroll of enchant weapon
 t - a scroll of vulnerability
 v - a scroll of magic mapping
 z - a scroll of teleportation
 A - a scroll of fear {unknown}
 G - a scroll of amnesia {unknown}
Potions
 c - 4 potions of lignification {unknown}
 d - a potion of berserk rage {unknown}
 e - 3 potions of brilliance {unknown}
 h - a potion of flight {unknown}
 r - 2 potions of magic {unknown}
 u - a potion of curing {unknown}
 w - a potion of mutation
 H - a potion of cancellation {unknown}
 J - a potion of haste {unknown}


   Skills:
 + Level 7.5 Fighting
 + Level 1.1 Maces & Flails
 - Level 12.0 Polearms
 + Level 5.1 Throwing
 + Level 3.8 Armour
 + Level 7.4 Dodging
 + Level 6.2 Stealth


You had 9 spell levels left.
You didn't know any spells.
Your spell library contained the following spells:

 Spells                   Type           Power      Damage    Failure   Level
 Beastly Appendage        Tmut           0%         N/A       63%         1
 Wereblood                Tmut           0%         N/A       77%         2
 Frozen Ramparts          Ice            0%         1d2       94%         3
 Spider Form              Tmut/Pois      0%         N/A       94%         3
 Ice Form                 Ice/Tmut       0%         N/A       100%        4
 Summon Ice Beast         Ice/Summ       0%         N/A       100%        4


Dungeon Overview and Level Annotations

Branches:
Dungeon (7/15)             Temple (0/1) D:5          Bailey (1/1)

Altars:
Fedhas
Trog
Yredelemnul
The Shining One

Shops:
D:4 !   D:5 *


Innate Abilities, Weirdness & Mutations

((You are quick and stealthy near water. (Stealth+, EV+, Speed+++)))
Your lower body shifts to a powerful aquatic tail in water.


Message History

You barely miss the gnoll sergeant.
The gnoll sergeant is severely wounded.
The gnoll sergeant hits you with a +0 glaive.
You hit the gnoll sergeant but do no damage.
The gnoll sergeant is severely wounded.
The gnoll sergeant hits you but does no damage.
The gnoll sergeant closely misses you.
You hit the gnoll sergeant but do no damage.
The gnoll sergeant is severely wounded.
The gnoll sergeant hits you from afar with a +0 glaive.
The gnoll sergeant closely misses you.
You barely miss the gnoll sergeant.
The gnoll sergeant is severely wounded.
The gnoll sergeant hits you from afar with a +0 glaive!
The gnoll sergeant hits you with a +0 glaive!
You hit the gnoll sergeant but do no damage.
The gnoll sergeant is severely wounded.
The gnoll sergeant hits you from afar with a +0 glaive.
The gnoll sergeant hits you with a +0 glaive.
You hit the gnoll sergeant but do no damage.
The gnoll sergeant is severely wounded.
The gnoll sergeant hits you but does no damage.
The gnoll sergeant closely misses you.
You hit the gnoll sergeant but do no damage.
The gnoll sergeant is severely wounded.
The gnoll sergeant barely misses you.
The gnoll sergeant hits you with a +0 glaive!
* * * LOW HITPOINT WARNING * * *
As you read the scroll of teleportation, it crumbles to dust.
You feel strangely unstable.
The gnoll sergeant hits you from afar with a +0 glaive.
* * * LOW HITPOINT WARNING * * *
The gnoll sergeant hits you with a +0 glaive.
* * * LOW HITPOINT WARNING * * *
You hit the gnoll sergeant but do no damage.
Lightning courses through the gnoll sergeant!
You kill the gnoll sergeant!
Trog accepts your kill.
The gnoll sergeant hits you from afar with a +0 glaive!
You die...

♣≈≈.).............≈≈♣
♣≈..).)....).......≈♣
♣≈..#####...#####..≈♣
♣≈)##...#).(#...##.≈♣
♣≈##...)'...'.(..##≈♣
♣≈#....)#).(#.....#≈♣
♣≈#8....##)##.g..8#≈♣
♣≈#....##...##....#≈♣
♣≈#...##.....##@..#≈♣
♣≈#...#.......#)..#≈♣
♣≈### #...8$..#...#≈♣
♣≈# #...)...#...#≈♣
♣≈# ##.....##...#≈♣
♣≈# ##...##....#≈♣
♣≈# ##'## ...8#≈♣ ♣≈#
#...# ....#≈♣ ♣≈##
#)..# ##≈♣


You could see a gnoll sergeant.

Vanquished Creatures
  Pikel (D:4)
  Joseph (D:7)
  Maggie (D:6)
  Sigmund (D:3)
  3 humans (D:6)
  Eustachio (D:5)
  Edmund (D:5)
  A sky beast (D:5)
  2 necrophages
  3 ogres
  A lemure (D:4)
  A kobold brigand (D:5)
  A bullfrog (D:4)
  3 scorpions
  8 gnoll sergeants
  2 electric eels (D:6)
  A jelly (D:6)
  A bullfrog zombie (D:6)
  3 hounds
  5 gnoll shamans (Bailey)
  Crazy Yiuf (D:6)
  4 iguanas
  Terence (D:3)
  2 bullfrog skeletons
  2 centaur skeletons (D:5)
  Robin (D:3)
  19 gnolls
  11 adders
  A shadow imp (D:6)
  A white imp (D:6)
  An ufetubus (D:4)
  An adder skeleton (D:4)
  2 worms
  A dart slug (D:3)
  8 orcs
  5 bats
  7 endoplasms
  5 giant cockroaches
  22 goblins
  8 hobgoblins
  11 jackals
  3 quokkas
  6 ball pythons
  3 frilled lizards (D:3)
  15 kobolds
  9 rats
  2 toadstools (D:4)
193 creatures vanquished.

Vanquished Creatures (others)
  9 plants
  2 toadstools (D:4)
  4 withered plants (D:1)
15 creatures vanquished.

Grand Total: 208 creatures vanquished

Notes
Turn   | Place    | Note
-------+----------+-------------------------------------------
     0 | D:1      | ZARRMARR the Merfolk Berserker began the quest for the Orb.
     0 | D:1      | Reached XP level 1. HP: 18/18 MP: 1/1
   457 | D:1      | Reached XP level 2. HP: 24/24 MP: 2/2
   474 | D:1      | Reached skill level 5 in Polearms
   583 | D:1      | Found a faded altar of an unknown god.
   836 | D:1      | Reached XP level 3. HP: 30/30 MP: 3/3
  2241 | D:2      | Reached ** piety under Trog
  2242 | D:2      | Reached XP level 4. HP: 37/37 MP: 4/4
  3050 | D:3      | Noticed Terence
  3074 | D:3      | Killed Terence
  3075 | D:3      | Reached skill level 6 in Polearms
  3075 | D:3      | Reached skill level 1 in Throwing
  3075 | D:3      | Reached skill level 1 in Stealth
  3075 | D:3      | Reached XP level 5. HP: 37/42 MP: 5/5
  3893 | D:3      | Noticed Sigmund
  3902 | D:3      | Killed Sigmund
  3903 | D:3      | Reached skill level 7 in Polearms
  3903 | D:3      | Reached XP level 6. HP: 44/49 MP: 6/6
  4430 | D:3      | Noticed Robin
  4440 | D:3      | Killed Robin
  5128 | D:4      | Reached XP level 7. HP: 55/55 MP: 7/7
  5178 | D:4      | Noticed Pikel
  5196 | D:4      | Killed Pikel
  5197 | D:4      | Reached skill level 5 in Fighting
  5197 | D:4      | Reached skill level 8 in Polearms
  5197 | D:4      | Reached skill level 5 in Dodging
  5197 | D:4      | Reached XP level 8. HP: 62/62 MP: 8/8
  5538 | D:4      | Reached skill level 9 in Polearms
  5689 | D:4      | Found Nusmesea's Distillery.
  5692 | D:4      | Bought a potion of mutation for 104 gold pieces
  5908 | D:5      | Entered Level 5 of the Dungeon
  5932 | D:5      | Noticed Edmund
  5960 | D:5      | HP: 2/63 [Edmund (11)]
  5961 | D:5      | Killed Edmund
  6386 | D:5      | Reached *** piety under Trog
  6401 | D:5      | Found Kocat's General Store.
  6444 | D:5      | Bought a scroll of identify for 28 gold pieces
  6458 | D:5      | Reached skill level 10 in Polearms
  6488 | D:5      | Noticed Eustachio
  6500 | D:5      | Killed Eustachio
  6678 | D:5      | Reached XP level 9. HP: 69/69 MP: 9/9
  6908 | D:5      | Found a staircase to the Ecumenical Temple.
  7536 | D:6      | Reached skill level 11 in Polearms
  8075 | D:6      | Reached skill level 5 in Stealth
  8203 | D:6      | Reached **** piety under Trog
  8593 | D:6      | Noticed Maggie
  8604 | D:6      | Killed Maggie
  8959 | D:6      | Found a bloodstained altar of Trog.
  8961 | D:6      | Found a blossoming altar of Fedhas.
  8963 | D:6      | Found a glowing golden altar of the Shining One.
  8968 | D:6      | Found a basalt altar of Yredelemnul.
  9044 | D:6      | Found a runed translucent door.
  9045 | D:6      | Noticed Crazy Yiuf
  9054 | D:6      | Killed Crazy Yiuf
  9460 | D:7      | Found a flagged portal.
  9461 | D:7      | Noticed Joseph
  9485 | D:7      | Killed Joseph
  9486 | D:7      | Reached skill level 12 in Polearms
  9486 | D:7      | Reached XP level 10. HP: 79/79 MP: 10/10
  9525 | Bailey   | Entered a bailey
  9529 | Bailey   | Reached skill level 5 in Throwing
 11070 | Bailey   | Reached skill level 1 in Maces & Flails
 11353 | Bailey   | Slain by a gnoll sergeant

Illustrated notes

Levels and vault maps discovered:
D:1:      dpeg_arrival_arbitrary_c, layout_basic,
          shapermc_ecumenical_altar_flowoftime
D:2:      layout_basic, serial_forest, infiniplex_forest_end_1,
          infiniplex_forest_clump_tiny, infiniplex_forest_fountain,
          infiniplex_forest_end_2, infiniplex_forest_clump_small,
          infiniplex_forest_zigzag_2, infiniplex_forest_zigzag_1,
          infiniplex_forest_clump_long, infiniplex_forest_end_3
D:3:      minmay_skewed_foursquare, layout_rooms, grunt_decor_cap,
          ebering_dispersal_statue_hall, uniq_robin, uniq_sigmund, uniq_terence
D:4:      layout_loops_cross, serial_shops, kennysheep_mini_moat, serial_rivers,
          chequers_serial_rivers_small_b, chequers_serial_rivers_micro_c,
          chequers_serial_rivers_large_a, chequers_serial_rivers_marsh,
          minmay_gold_behind_fungi, minmay_misc_feat_alley, glass_columns_b,
          uniq_pikel
D:5:      layout_basic, minmay_temple_entry_antechambers, serial_shops,
          nicolae_shop_stone, uniq_eustachio, uniq_edmund
D:6:      layout_rooms, minitemple, serial_bayou_lagoon_a, kennysheep_diamond,
          minmay_ruffians, uniq_crazy_yiuf_cottage, uniq_maggie
D:7:      layout_rooms, lemuel_coloured_pillars_altar, enter_bailey_3,
          minmay_misc_feat_enclosed, moated_statue, kennysheep_cross_room,
          nicolae_island_escapes, uniq_joseph
Bailey:   bailey_polearm_gnolls_kennysheep, bailey

Skill      XL: |  1  2  3  4  5  6  7  8  9 10 |
---------------+-------------------------------+-----
Polearms       | 5 6 7 8 10 12 | 12.0
Dodging        | 3 4 5 6 7 |  7.4
Fighting       | 4 5 6 7 |  7.5
Throwing       | 1 2 3 4 5 |  5.1
Stealth        | 1 2 3 4 6 |  6.2
Armour         | 3 |  3.8
Maces & Flails | 1 |  1.1

Action                   |  1- 3 |  4- 6 |  7- 9 | 10-12 || total
-------------------------+-------+-------+-------+-------++-------
Melee: Spear             |   120 |   155 |   310 |       ||   585
       Tailslap          |       |       |     4 |     6 ||    10
       Whip              |       |       |       |   108 ||   108
Throw: Stone             |    43 |    54 |       |       ||    97
       Dart              |       |     2 |     9 |    13 ||    24
       Javelin           |       |       |    20 |     6 ||    26
       Throwing net      |       |       |       |     2 ||     2
Invok: Berserk           |     5 |     6 |    12 |     5 ||    28
       Trog's Hand       |       |     1 |       |       ||     1
  Use: Scroll            |     1 |     3 |     3 |     1 ||     8
 Stab: Sleeping          |     1 |     2 |    11 |     1 ||    15
       Held in net/web   |       |       |       |     1 ||     1
Armor: Animal skin       |     5 |    11 |     3 |       ||    19
       Ring mail         |       |       |    25 |       ||    25
       Swamp dragon scal |       |       |     2 |    36 ||    38
Dodge: Dodged            |    32 |    63 |    88 |   119 ||   302
